 Dungeon Crawl Stone Soup version 0.24-a0-443-g80245de385 (webtiles) character file.

Game seed: 7728830496952747751

5154 Murumi the Blocker (level 10, -1/80 HPs)
             Began as a Formicid Fighter on June 21, 2019.
             Was a Believer of Cheibriados.
             Slain by Harold
             ... wielding a +0 flail
              (18 damage)
             ... on level 9 of the Dungeon.
             The game lasted 00:46:23 (9272 turns).

Murumi the Blocker (Formicid Fighter)               Turns: 9272, Time: 00:46:23

Health: -1/80      AC: 16    Str: 28    XL:     10   Next: 89%
Magic:  22/22      EV: 15    Int: 13    God:    Cheibriados [**....]
Gold:   563        SH: 16    Dex: 21    Spells: 9/9 levels left

rFire    . . .     SeeInvis +   x - +1 scimitar (curse)
rCold    + . .     Gourm    .   j - +3 shield of Past Mistakes {rElec}
rNeg     . . .     Faith    .   s - +0 plate armour
rPois    .         Spirit   .   (helmet unavailable)
rElec    +         Reflect  .   c - +0 cloak
rCorr    .         Harm     .   (no gloves)
MR       +....                  n - +0 pair of boots
Stlth    ..........             (no amulet)
HPRegen  0.23/turn              g - ring of protection from cold
MPRegen  0.18/turn              o - ring of magical power

@: agile, marked, very slow
A: permanent stasis, dig shafts and tunnels, four strong arms, antennae 3
a: Dig, Shaft Self, Bend Time, Renounce Religion


You were on level 9 of the Dungeon.
You worshipped Cheibriados.
Cheibriados was pleased with you.
You were not hungry.

You visited 2 branches of the dungeon, and saw 10 of its levels.
You also visited: Sewer.

You collected 563 gold pieces.

Inventory:

Hand Weapons
 a - a +1 long sword
 x - a cursed +1 scimitar (weapon)
Missiles
 b - 56 poisoned darts (quivered)
 h - a boomerang of dispersal
 l - 128 stones
 r - 48 bolts
 u - 4 boomerangs
Armour
 c - a +0 cloak (worn)
 j - the +3 shield of Past Mistakes (worn) {rElec}
   (You found it on level 6 of the Dungeon)

   It insulates you from electricity.
 n - a +0 pair of boots (worn)
 s - a +0 plate armour (worn)
Jewellery
 g - a ring of protection from cold (left hand)
 o - a ring of magical power (right hand)
Wands
 p - a wand of acid (8)
 t - a wand of digging (7)
Scrolls
 k - 7 scrolls of remove curse
Potions
 d - a potion of mutation
 e - 4 potions of curing
 i - 3 potions of brilliance
 q - a potion of flight
 v - a potion of magic {unknown}
 w - a potion of resistance {unknown}
 z - a potion of cancellation {unknown}
 A - a potion of ambrosia {unknown}
 C - a potion of berserk rage {unknown}
Comestibles
 f - 9 rations


   Skills:
 - Level 8.1 Fighting
 + Level 7.5 Long Blades
 - Level 8.1 Armour
 - Level 3.2 Dodging
 - Level 9.0 Shields
 - Level 4.1 Invocations
 - Level 4.2 Evocations


You had 9 spell levels left.
You didn't know any spells.
Your spell library was empty.

Dungeon Overview and Level Annotations

Branches:
Dungeon (9/15)             Temple (1/1) D:5            Lair (0/6) D:8
    Orc: D:9-12

Altars:
Ashenzari
Cheibriados
Dithmenos
Elyvilon
Fedhas
Gozag
Hepliaklqana
Kikubaaqudgha
Makhleb
Nemelex Xobeh
Okawaru
Qazlal
Ru
Sif Muna
Trog
Uskayaw
Vehumet
Wu Jian
Xom
Yredelemnul
Zin
The Shining One

Annotations:
D:9 Harold


Innate Abilities, Weirdness & Mutations

You cannot be hasted, slowed, berserked, paralysed or teleported.
You can dig through walls and to a lower floor.
Your four strong arms can wield two-handed weapons with a shield.
You have a pair of large antennae on your head. (SInv)


Message History

* * * LOW HITPOINT WARNING * * *
You barely miss Harold.
Harold is moderately wounded.
Harold hits you but does no damage.
You completely miss Harold.
Harold is moderately wounded.
Harold says, "Let's make it quick, okay?
I've got mouths to feed."
You block Harold's attack.
You closely miss Harold.
Harold is moderately wounded.
Harold hits you with a +0 flail.
* * * LOW HITPOINT WARNING * * *
You barely miss Harold.
Harold is moderately wounded.
You block Harold's attack.
You feel better.
You slash Harold!
Harold is heavily wounded.
Harold hits you with a +0 flail!!
You die...

.......................#
.......................#
.............@.........#
.......................# #
....<..........(.......##.#
................(..........
...............(.((........
###################(..#
#@#{...# ##@#...# ###...#
#...# #...#####
###################........
.................(.........
..............#############
############..#


You could see Harold.

Vanquished Creatures
  Erolcha (D:9)
  Pikel (D:7)
  Prince Ribbit (D:6)
  A hippogriff (D:8)
  Sigmund (D:2)
  A hungry ghost (D:8)
  3 black bears
  3 orc warriors (D:7)
  2 phantoms
  A slave (D:7)
  3 ogres
  2 centaurs
  A big kobold (Sewer)
  3 bullfrogs
  4 scorpions
  4 killer bees (D:8)
  8 wights
  4 howler monkeys
  3 crimson imps
  4 hounds
  A centaur skeleton (D:4)
  3 orc priests
  9 orc wizards
  A bullfrog skeleton (D:8)
  An iguana (D:8)
  5 worker ants
  A hound skeleton (D:5)
  A worker ant zombie (D:8)
  3 gnolls (D:3)
  A howler monkey skeleton (D:4)
  7 adders
  A river rat (Sewer)
  2 shadow imps
  4 oozes
  2 adder skeletons
  2 worms
  A dart slug (D:2)
  5 leopard geckos
  21 orcs
  5 giant cockroaches
  7 goblins
  10 hobgoblins
  8 jackals
  3 quokkas
  3 ball pythons
  12 bats
  7 frilled lizards
  2 goblin skeletons (D:6)
  3 goblin zombies (D:6)
  A hobgoblin zombie (D:6)
  2 jackal zombies (D:6)
  9 kobolds
  A kobold skeleton (D:6)
  A kobold zombie (D:6)
  10 rats
206 creatures vanquished.

Vanquished Creatures (others)
  2 slaves (D:7)
  A big kobold (D:7)
  A howler monkey (D:7)
  An orc priest (D:7)
  An orc wizard (D:7)
  2 orcs
8 creatures vanquished.

Grand Total: 214 creatures vanquished

Notes
Turn   | Place    | Note
-------+----------+-------------------------------------------
     0 | D:1      | Murumi the Formicid Fighter began the quest for the Orb.
     0 | D:1      | Reached XP level 1. HP: 18/18 MP: 1/1
   107 | D:1      | Reached skill level 1 in Dodging
   133 | D:1      | Reached XP level 2. HP: 24/24 MP: 2/2
   213 | D:1      | Reached skill level 4 in Shields
   534 | D:1      | Reached XP level 3. HP: 28/29 MP: 3/3
   993 | D:2      | Found a hazy altar of Hepliaklqana.
  1012 | D:2      | Noticed Sigmund
  1027 | D:2      | Killed Sigmund
  1027 | D:2      | Reached skill level 5 in Fighting
  1027 | D:2      | Reached XP level 4. HP: 34/40 MP: 4/4
  1027 | D:2      | Reached XP level 5. HP: 39/46 MP: 5/5
  1302 | D:2      | Reached XP level 6. HP: 49/52 MP: 6/6
  1546 | D:2      | Found a bloodstained altar of Trog.
  2110 | D:3      | Found a shadowy altar of Dithmenos.
  2671 | D:3      | Found a glowing silver altar of Zin.
  2783 | D:4      | Noticed an ogre
  2793 | D:3      | Killed an ogre
  2793 | D:3      | Reached skill level 5 in Shields
  2987 | D:4      | Found a glowing drain.
  3009 | Sewer    | Entered a sewer
  3015 | Sewer    | Reached XP level 7. HP: 58/58 MP: 7/7
  3111 | Sewer    | Found a white marble altar of Elyvilon.
  3361 | D:4      | Reached skill level 5 in Long Blades
  3468 | D:4      | Found a sacrificial altar of Ru.
  3527 | D:4      | Reached XP level 8. HP: 44/64 MP: 8/8
  3718 | D:4      | You fall into a shaft and drop 2 floors!
  3725 | D:6      | Reached skill level 5 in Armour
  4013 | D:6      | Found a glowing golden altar of the Shining One.
  4031 | D:6      | Reached skill level 6 in Shields
  4049 | D:6      | Noticed Prince Ribbit
  4099 | D:6      | Reached skill level 1 in Evocations
  4130 | D:6      | Killed Prince Ribbit
  4411 | D:6      | Got an ichor-stained shield
  4422 | D:6      | Identified the +3 shield of Past Mistakes {rElec} (You
                  | found it on level 6 of the Dungeon)
  4479 | D:6      | Reached XP level 9. HP: 54/69 MP: 11/11
  4655 | D:6      | Reached skill level 7 in Shields
  4659 | D:5      | Entered Level 5 of the Dungeon
  5017 | D:4      | Reached skill level 8 in Shields
  5125 | D:4      | Found a radiant altar of Vehumet.
  5131 | D:4      | Found a blossoming altar of Fedhas.
  5131 | D:4      | Found an iron altar of Okawaru.
  5132 | D:4      | Found a shimmering altar of Xom.
  5386 | D:5      | Found a staircase to the Ecumenical Temple.
  5392 | Temple   | Entered the Ecumenical Temple
  5399 | Temple   | Became a worshipper of Cheibriados the Contemplative
  5476 | D:5      | Reached skill level 1 in Invocations
  6697 | D:7      | Reached * piety under Cheibriados
  7016 | D:7      | Noticed Pikel
  7049 | D:7      | Killed Pikel
  7049 | D:7      | Reached XP level 10. HP: 79/79 MP: 13/13
  7398 | D:7      | Found an ancient bone altar of Kikubaaqudgha.
  7869 | D:8      | Found a staircase to the Lair.
  7913 | D:7      | Reached ** piety under Cheibriados
  8173 | D:7      | Reached skill level 9 in Shields
  9237 | D:9      | Noticed Erolcha
  9247 | D:9      | Noticed Harold
  9258 | D:9      | Killed Erolcha
  9272 | D:9      | Slain by Harold

Levels and vault maps discovered:
D:1:      dpeg_arrival_pond, layout_basic
D:2:      layout_basic, bloody_trog, old_standard_altar, kennysheep_minor_cross,
          uniq_sigmund
D:3:      layout_loops_ring, marbit_many_paths, minmay_stone_trees_small,
          nicolae_dithmenos_through_a_glass_darkly
D:4:      layout_rooms, minitemple, lemuel_round_altar, first_ration,
          cheibrodos_sewer_entry_drain
D:5:      layout_basic, minmay_temple_entry_hall, serial_rivers,
          chequers_serial_rivers_large_b, chequers_serial_rivers_small_3,
          chequers_serial_rivers_micro_e, chequers_serial_rivers_room_a,
          chequers_serial_rivers_small_b, chequers_serial_rivers_micro_c
D:6:      layout_cave_pools, nicolae_tso_besieged_by_evil, uniq_prince_ribbit1
D:7:      layout_gridville, basic_altar, uniq_pikel
D:8:      layout_cave_pools, dpeg_oklobed_lair
D:9:      layout_long_grid, orc_0_dummy, hangedman_pestilent_swarm,
          okawaru_humans, uniq_psyche, uniq_harold, uniq_erolcha
Temple:   cyrus_circular_temple

Skill      XL: |  1  2  3  4  5  6  7  8  9 10 |
---------------+-------------------------------+-----
Dodging        | 1 3 |  3.2
Shields        | 4 5 6 8 9 |  9.0
Long Blades    | 3 5 7 |  7.5
Fighting       | 5 6 7 8 |  8.1
Armour         | 4 6 7 8 |  8.1
Evocations     | 3 4 |  4.2
Invocations    | 4 |  4.1

Action                   |  1- 3 |  4- 6 |  7- 9 | 10-12 || total
-------------------------+-------+-------+-------+-------++-------
Melee: Long sword        |   108 |    91 |   481 |   102 ||   782
       Scimitar          |       |       |       |   126 ||   126
Throw: Stone             |    31 |       |    57 |       ||    88
       Boomerang         |     1 |    70 |    70 |    43 ||   184
       Dart              |       |       |    10 |     9 ||    19
 Abil: Dig               |       |     1 |    20 |     4 ||    25
  Use: Scroll            |     2 |     5 |     7 |       ||    14
       Potion            |     1 |     3 |     6 |     3 ||    13
  Eat: Chunk             |       |     7 |    14 |     4 ||    25
       Ration            |       |       |     1 |     1 ||     2
Armor: Scale mail        |     7 |       |       |       ||     7
       Chain mail        |    54 |    42 |     3 |       ||    99
       Plate armour      |       |       |   169 |    98 ||   267
       Skin              |       |       |     8 |       ||     8
Dodge: Dodged            |    27 |    19 |   102 |    97 ||   245
Block: Shield            |    61 |    60 |   250 |   245 ||   616
       Rpst.: Long sword |    12 |     7 |    28 |     8 ||    55
       Scimitar          |       |       |       |    26 ||    26

Table legend:
 A = Non-vault XP
 B = Vault XP
 C = Vault XP percentage of total XP
 D = Non-vault monster count
 E = Vault monster count
 F = Vault count percentage of total count
                 A         B        C        D         E       F
            +---------+---------+-------+---------+---------+-------
      Total |    5079 |    2284 |  31.0 |     179 |      26 |  12.7
            +---------+---------+-------+---------+---------+-------
        D:1 |      35 |       0 |   0.0 |      24 |       0 |   0.0
        D:2 |      62 |     208 |  77.0 |      19 |       1 |   5.0
        D:3 |     194 |       0 |   0.0 |      20 |       0 |   0.0
        D:4 |     514 |       6 |   1.2 |      25 |       4 |  13.8
        D:5 |     365 |       0 |   0.0 |      15 |       0 |   0.0
        D:6 |    1123 |     283 |  20.1 |      23 |      10 |  30.3
        D:7 |    1627 |     663 |  29.0 |      30 |       1 |   3.2
        D:8 |     954 |       0 |   0.0 |      21 |       0 |   0.0
        D:9 |     205 |    1003 |  83.0 |       2 |       1 |  33.3
      Sewer |       0 |     121 | 100.0 |       0 |       9 | 100.0
            +---------+---------+-------+---------+---------+-------
